 Dungeon Sprint DCSS version 0.30-a0-883-g5ad918d77d (webtiles) character file.

Game seed: 13372720089140273598

289 rocky1 the Nimble (level 6, -8/51 HPs)
             Began as a Merfolk Gladiator on Mar 16, 2023.
             Was an Initiate of Gozag.
             Mangled by a spatial vortex (9 damage)
             ... in the Dungeon (Sprint III: "The Ten Rune Challenge").
             The game lasted 00:01:17 (643 turns).

rocky1 the Nimble (Merfolk Gladiator)                Turns: 643, Time: 00:01:17

Health: -8/51      AC:  4    Str: 14    XL:     6   Next: 31%
Magic:  6/6        EV: 17    Int:  7    God:    Gozag
Gold:   19         SH:  0    Dex: 18    Spells: 5/5 levels left

rFire   . . .      SeeInvis .    a - +0 long sword
rCold   . . .      Faith    .    (no shield)
rNeg    . . .      Spirit   .    b - +0 leather armour
rPois   .          Reflect  .    c - +0 helmet
rElec   .          Rampage  .    (no cloak)
rCorr   .          NoTele   +    (no gloves)
Will    .....                    (no boots)
Stlth   +++                      (no amulet)
HPRegen 0.28/turn                (no ring)
MPRegen 0.10/turn                (no ring)

@: no status effects
A: (nimble swimmer 2), mertail
a: Renounce Religion, Potion Petition, Call Merchant, Bribe Branch


You were in the Dungeon.
You worshipped Gozag.
Gozag was noncommittal.
You visited 1 branch You collected 19 gold pieces.

Inventory:

Hand Weapons
 a - a +0 long sword (weapon)
Missiles
 d - a throwing net
 e - a javelin (quivered)
Armour
 b - a +0 leather armour (worn)
 c - a +0 helmet (worn)
Scrolls
 k - a scroll of blinking
 m - a scroll of torment {unknown}
 n - a scroll of brand weapon {unknown}
 q - 3 scrolls of immolation {unknown}
 r - 2 scrolls of identify
Potions
 f - 2 potions of curing
 g - a potion of heal wounds
 h - a potion of haste
 i - 2 potions of magic
 l - 3 potions of mutation {unknown}
 o - 2 potions of flight {unknown}
 p - a potion of degeneration {unknown}


   Skills:
 + Level 5.3 Fighting
 + Level 9.6 Long Blades
 + Level 3.8 Throwing
 + Level 2.2 Armour
 + Level 9.9 Dodging
 + Level 4.5 Stealth


You had 5 spell levels left.
You didn't know any spells.
Your spell library was empty.

Dungeon Overview and Level Annotations

Branches:
Dungeon (1/1)

Altars:
Cheibriados
Fedhas
Gozag
Hepliaklqana
Makhleb
Nemelex Xobeh
Qazlal
Xom
Jiyva
Lugonu


Innate Abilities, Weirdness & Mutations

((You are very nimble when in or above water. (Stealth+, EV+, Speed+++)))
Your lower body shifts to a powerful aquatic tail in water.


Message History

You slash the shadow!
You destroy the shadow!
Your Fighting skill increases to level 5!
Your Long Blades skill gained 2 levels and is now at level 9!
Your Armour skill gained 2 levels and is now at level 2!
Your Dodging skill increases to level 9!
Your Stealth skill gained 2 levels and is now at level 4!
You have reached level 5!
You feel agile.
You have reached level 6!
Unknown command.
You slash the jelly!
You kill the jelly!
There is an open door here.
e - a javelin You start resting.
HP restored.
You open the door.
A spatial vortex comes into view.
Found five altars.
Found a box of beasts.
Found five altars.
There is an open door here.
There is a snail-covered altar of Cheibriados here.
The spatial vortex hits you but does no damage.
There is a hazy altar of Hepliaklqana here.
You hit the spatial vortex.
The spatial vortex is lightly damaged.
There is an opulent altar of Gozag here.
You kneel at the altar of Gozag.
Gozag welcomes you!
Gozag waives the service fee.
The spatial vortex hits you! Space warps horribly around you!
There is a hazy altar of Hepliaklqana here.
There is a snail-covered altar of Cheibriados here.
The spatial vortex attacks as you move away!
The spatial vortex hits you!!
* * * LOW HITPOINT WARNING * * *
Space warps horribly around you!
You die...
Your body crumbles into a pile of gold.

.†..#..#..# $$
#...#..#..###+#+###+##$ $
##..##'#..#..........# $
##..###...'.⌠........#$ $
$ $$
#.)####...#...######'#$$$
$ $
#..###....#.⌠.#__#...#
...##.....#...#__#...#
...#......#+###_v#...#
.##.#.....# #_@#...+ .
####....# #__'...# ▓
▓▓▓▓▓▓ ▓▓▓▓▓▓▓▓


You could see a spatial vortex.

Vanquished Creatures
  A shadow (D)
  A water elemental (D)
  A jelly (D)
  Jessica (D)
  A human (D)
  A phantom (D)
  An endoplasm (D)
  2 rats (D)
9 creatures vanquished.

Notes
Turn   | Place    | Note
-------+----------+-------------------------------------------
     0 | D        | rocky1 the Merfolk Gladiator began the quest for the Orb.
     0 | D        | Reached XP level 1. HP: 16/16 MP: 1/1
    35 | D        | Noticed Jessica
    39 | D        | Killed Jessica
    40 | D        | Reached skill level 5 in Long Blades
    40 | D        | Reached XP level 2. HP: 24/24 MP: 2/2
    40 | D        | Reached XP level 3. HP: 29/29 MP: 3/3
   166 | D        | Reached skill level 1 in Stealth
   360 | D        | Noticed a water elemental
   366 | D        | Killed a water elemental
   367 | D        | Reached XP level 4. HP: 32/37 MP: 4/4
   604 | D        | Noticed a shadow
   615 | D        | Killed a shadow
   616 | D        | Reached skill level 5 in Fighting
   616 | D        | Reached XP level 5. HP: 40/44 MP: 5/5
   616 | D        | Reached XP level 6. HP: 47/51 MP: 6/6
   634 | D        | Found a blossoming altar of Fedhas.
   634 | D        | Found a stormy altar of Qazlal.
   634 | D        | Found a snail-covered altar of Cheibriados.
   634 | D        | Found a burning altar of Makhleb.
   634 | D        | Found a shimmering altar of Xom.
   634 | D        | Noticed a spatial vortex
   635 | D        | Found a hazy altar of Hepliaklqana.
   635 | D        | Found an opulent altar of Gozag.
   635 | D        | Found a sparkling altar of Nemelex Xobeh.
   635 | D        | Found a corrupted altar of Lugonu.
   635 | D        | Found a viscous altar of Jiyva.
   640 | D        | Became a worshipper of Gozag Ym Sagoz the Greedy
   643 | D        | HP: 1/51 [spatial vortex (22)]
   643 | D        | Mangled by a spatial vortex

Illustrated notes

Levels and vault maps discovered:
D:        dungeon_sprint_mu [sprint_mu_entry_cave, sprint_mu_temple_rooms,
          sprint_mu_d1_spiders, sprint_mu_d2_genie, sprint_mu_d3_branching,
          sprint_mu_orc_legion, sprint_mu_elf_gauntlet, sprint_mu_hive_nellie,
          sprint_mu_lair_fedhas, sprint_mu_vaults_butterflies,
          sprint_mu_slime_circle, sprint_mu_swamp_cave, sprint_mu_shoals_kraken,
          sprint_mu_blade_basic, sprint_mu_crypt_fortress,
          sprint_mu_tomb_spiral, sprint_mu_vestibule_basic,
          sprint_mu_gehenna_hellfire, sprint_mu_dis_giant,
          sprint_mu_tartarus_statrot, sprint_mu_cocytus_islands, sprint_mu_zot1]

Skill      XL: |  1  2  3  4 |
---------------+-------------+-----
Long Blades    | 5 7 9 |  9.6
Fighting       | 3 4 5 |  5.3
Dodging        | 6 8 9 |  9.9
Stealth        | 2 4 |  4.5
Throwing       | 3 |  3.8
Armour         | 2 |  2.2

Action                     |  1- 3 |  4- 6 || total
---------------------------+-------+-------++-------
  Melee: Long sword        |    28 |    11 ||    39
  Throw: Throwing net      |     2 |       ||     2
         Javelin           |     1 |     1 ||     2
    Use: Potion            |     1 |       ||     1
   Stab: Sleeping          |     2 |       ||     2
         Held in net/web   |     2 |       ||     2
 Armour: Leather armour    |     1 |     2 ||     3
  Dodge: Dodged            |    10 |     4 ||    14

Table legend: (Time is in decaauts)
 A = Elapsed time spent in this place.
 B = Non-inter-level travel time spent in this place.
 C = Inter-level travel time spent in this place.
 D = Time resting spent in this place.
 E = Time spent auto-exploring this place.
 F = Levels seen in this place.
 G = Mean time per level.
                   A        B        C        D        E       F      G
               +--------+--------+--------+--------+--------+-----+--------+
         Total |    656 |    656 |      0 |    501 |     27 |   1 |  656.0 |
       Dungeon |    656 |    656 |      0 |    501 |     27 |   1 |  656.0 |
               +--------+--------+--------+--------+--------+-----+--------+

Top non-repeatable levels by time:
       D: 656 daAuts
